ORDEROFTHEFIQ, lawful male human Priest -- .----- -- -....| ..| | ---....-- .. |. -- |.......--- ..- -... |.--.........| ....--- | -............<...| ----.........| -............--.-- ..|......... |.......|.....---- -....... -- --.--|......----.....| -- --G.....@....G.)- -.......G....h.-- |..................- |........--..)........ --.---..--|..........- -- |..| --.........| |..| ---.--.---- ---- --- -- ORDEROFTHEFIQ the Acolyte Experience level: 3 Strength: 12 Dexterity: 9 Constitution: 10 Intelligence: 13 Wisdom: 17 Charisma: 14 Health: 0(27) Energy: 27(27) Def: 8 Gold: 305 Moves: 860 Dungeon seed: Aambpd25P-o3KMuD Game ID: ORDEROFTHEFIQ_1498878522 Your Inventory: Coins $ - 305 gold pieces Weapons a - a blessed +1 mace (weapon in hand) Armor e - a +0 robe (being worn) n - a +0 small shield (being worn) q - a +0 orcish helm (being worn) r - a blessed +2 orcish ring mail (being worn) Comestibles c - a clove of garlic d - 2 sprigs of wolfsbane k - a fortune cookie o - a lichen corpse w - a food ration Scrolls j - a scroll of remove curse l - 2 blessed scrolls of remove curse m - a blessed scroll of light Spellbooks f - a spellbook of create monster g - a spellbook of extra healing Potions b - 4 potions of holy water i - a blessed potion of restore ability Tools h - an oil lamp (0:1084) s - 7 cursed tallow candles (0:200) t - a tin whistle u - a lock pick v - a skeleton key Spells and supernatural/magical abilities: Name Level Category Fail Memory x - extra healing 3 healing 100% 96% O - create monster 2 clerical 69% 96% W - pray for help -- divine ? -- X - turn undead -- divine ? -- Your skills at the end: Fighting Skills wands [Basic] Weapon Skills mace [Basic] Spellcasting Skills clerical spells [Basic] Final Attributes: You were piously aligned. You are dead. Vanquished creatures: a coyote 2 gnomes a jackal a fox 2 goblins 9 grid bugs 2 lichens a kobold zombie 2 newts 21 creatures vanquished. Voluntary challenges: You were an atheist. You used a wielded weapon 18 times, starting on turn 38. You were illiterate. You never genocided any monsters. You never polymorphed an object. You never changed form. You used no wishes. You never split a pudding. You never wrote Elbereth's name. You never violated your personal moral code. Dungeon overview: The Dungeons of Doom: levels 1 to 4 Level 1 a long staircase Level 2 some fountains Level 3 Level 4 a jewelry store stairs to The Gnomish Mines The Gnomish Mines: levels 5 to 6 Level 5 stairs to The Dungeons of Doom Level 6 <- You were here History has recorded: On T:1 you entered the Dungeons of Doom to retrieve the Amulet of Yendor! On T:195 you reached level 2 of The Dungeons of Doom. On T:324 you advanced to experience level 2. On T:485 you reached level 3 of The Dungeons of Doom. On T:619 you reached level 4 of The Dungeons of Doom. On T:811 you reached level 1 of The Gnomish Mines. On T:815 you advanced to experience level 3. On T:838 you reached level 2 of The Gnomish Mines. Score breakdown: Gold: 305 ( 8455 points) Experience: 3 levels ( 7878 points) Exploration: 6 levels ( 13.04%) (10000 points) Discoveries: 1 item ( 0.33%) ( 1734 points) Valuables value: (no points given unless you survive) Artifact value: 0 ( 0 points) Variety of kills: 9 monsters ( 2.35%) ( 4598 points) Turncount: 860 turns ( 0 points) Survival: died (score multiplied by 80%) Total score: 26132 Latest messages: Welcome to experience level 3. You see here a gnome corpse. This gnome corpse tastes terrible! You finish eating the gnome corpse. You hear rumbling in the distance. You kill the gnome! You see here a key. v - a key. The dwarf can see again. You see here a food ration. w - a food ration. The gnomish wizard casts a spell! The force bolt hits you! The gnome lord throws a dart! The dart slips as the gnome lord throws it! The gnome lord throws 2 darts! The dart slips as the gnome lord throws it! You are almost hit by the 2nd dart. The gnomish wizard casts a spell! The force bolt hits you! You die... Final status: Goodbye ORDEROFTHEFIQ the Priest, killed by a gnomish wizard's force bolt... You died in The Gnomish Mines on dungeon level 6 with 26132 points, and 305 pieces of gold, after 860 moves. You were level 3 with a maximum of 27 hit points when you died.